Map: 레드쉬프트 - 래더

Players

LiquidSnute (Snute)

  • Race: Zerg Zerg
  • League: Grandmaster
  • Spawn Location: 7:00

PartinG - Winner!

  • Race: Protoss Protoss
  • Spawn Location: 11:00

Event: HomeStory Cup XVII

VOD

Have the link to the VOD?

Description

Time

  • Played on: June 29, 2018, 5:41 p.m.
  • Length: 5:59

All games in this series

Show
View Real Time Build Order
Export as new Build Order

LiquidSnute Zerg 

Build Orders: Hatch First 

Get SALT Encoding   

  12  0:00  Drone  
  13  0:12  Overlord  
  13  0:16  Drone  
  14  0:30  Drone x2  
  14  0:34  Drone  
  17  0:52  Hatchery  
  17  0:53  Drone  
  17  0:56  Drone  
  18  1:02  Extractor  
  17  1:11  Spawning Pool  
  17  1:14  Drone  
  17  1:18  Drone  
  18  1:27  Drone  
  19  1:38  Overlord  
  19  1:50  Drone  
  20  1:59  Queen  
  20  2:01  Drone  
  23  2:02  Metabolic Boost  
  23  2:05  Queen  
  25  2:09  Zergling x2  
  25  2:11  Zergling x2  
  25  2:15  Zergling x2  
  28  2:21  Zergling x2  
  29  2:27  Zergling x2  
  30  2:33  Zergling x2  
  30  2:34  Queen  
  33  2:41  Overlord  
  33  2:46  Evolution Chamber  
  31  2:52  Zergling x4  
  31  2:55  Overlord  
  34  3:04  Zergling x4  
  32  3:13  Zergling x2  
  32  3:14  Zergling x6  
  35  3:20  Drone  
  35  3:24  Drone  
  35  3:26  Queen  
  35  3:27  Spore Crawler, Queen  
  36  3:29  Spore Crawler  
  36  3:31  Roach Warren  
  36  3:34  Drone  
  38  3:38  Drone  
  39  3:47  Drone x2  
  41  3:52  Drone  
  42  3:57  Overlord  
  41  4:11  Extractor  
  41  4:12  Roach x4  
  41  4:17  Roach  
  50  4:20  Roach  
  50  4:21  Roach  
  54  4:26  Roach  
  54  4:30  Roach  
  58  4:31  Roach  
  58  4:35  Overlord  
  60  4:39  Overlord  
  60  4:44  Zergling x2  
  58  4:47  Overlord  
  58  4:53  Overlord  
  59  5:00  Zergling x2  
  59  5:08  Ravager x2  
  61  5:17  Zergling x4  
  61  5:21  Zergling x2  
  61  5:26  Zergling x4  
  61  5:28  Ravager  
  64  5:34  Zergling x2  
  64  5:35  Zergling x2  
  59  5:36  Zergling x2  
  59  5:40  Zergling x2  
Show
View Real Time Build Order
Export as new Build Order

PartinG Protoss - Winner!

Build Orders:  

Get SALT Encoding   

  12  0:00  Probe  
  13  0:13  Probe  
  14  0:18  Pylon  
  14  0:25  Probe  
  15  0:33  Probe  
  15  0:40  Gateway  
  15  0:41  Probe  
  16  0:47  Assimilator  
  17  0:51  Probe  
  18  0:59  Gateway  
  18  1:03  Probe  
  19  1:15  Probe  
  20  1:27  Cybernetics Core  
  20  1:34  Pylon  
  20  1:49  Nexus  
  20  1:54  Adept x2  
  21  2:05  Warp Gate  
  24  2:09  Probe  
  25  2:20  Stalker  
  25  2:21  Probe  
  28  2:30  Pylon  
  28  2:33  Probe  
  29  2:43  Robotics Facility  
  29  2:52  Probe, Pylon  
  30  2:59  Shield Battery  
  30  3:04  Probe x2  
  32  3:19  Immortal  
  32  3:22  Probe x2  
  32  3:33  Gateway x2  
  34  3:37  Shield Battery  
  34  3:39  Probe  
  35  3:41  Probe  
  36  3:49  Gateway  
  36  3:50  Warp Prism  
  38  4:03  Gateway  
  38  4:05  Pylon  
  38  4:11  Probe  
  38  4:12  Stalker  
  38  4:13  Stalker  
  43  4:18  Gateway  
  43  4:23  Gateway  
  43  4:31  Stalker  
  43  4:33  Stalker  
  43  4:37  Zealot x2  
  51  4:45  Zealot  
  53  4:56  Zealot x2  
  53  4:57  Zealot  
  53  4:58  Zealot  
  61  5:01  Pylon  
  61  5:02  Pylon  
  61  5:16  Zealot  
  61  5:17  Zealot x3  
  65  5:23  Stalker x2  
  65  5:24  Zealot  
  63  5:35  Stalker  
  63  5:36  Zealot x3  
  63  5:46  Zealot x3  
Tags
 
Add a new tag
Caveats
  • Supply blocks, unpowered buildings, or Contaminate may cause inaccurate times.
  • Supply counts are checked every 10 seconds.